 Dungeon Crawl Stone Soup version 0.27-a0-1137-g3ef0f4ec91 (webtiles) character file.

Game seed: 17606327745972040863

101 Anon1729 the Skirmisher (level 4, -6/37 HPs)
             Began as a Demonspawn Berserker on May 6, 2021.
             Was a Follower of Trog.
             Mangled by an orc
             ... wielding a +0 mace
              (9 damage)
             ... on level 3 of the Dungeon.
             The game lasted 00:01:33 (2057 turns).

Anon1729 the Skirmisher (Demonspawn Berserker)      Turns: 2057, Time: 00:01:34

Health: -6/37      AC:  2    Str: 19    XL:     4   Next: 48%
Magic:  4/4        EV: 12    Int:  8    God:    Trog [*.....]
Gold:   63         SH:  0    Dex: 12    Spells: 3/3 levels left

rFire    . . .     SeeInvis .   a - +0 hand axe
rCold    . . .     Faith    .   (no shield)
rNeg     . . .     Spirit   .   b - +0 animal skin
rPois    .         Reflect  .   (no helmet)
rElec    .         Harm     .   (no cloak)
rCorr    .         Rampage  .   (no gloves)
Will     .....                  (no boots)
Stlth    +.........             (no amulet)
HPRegen  0.12/turn              (no ring)
MPRegen  0.18/turn              (no ring)

@: no status effects
A: talons 1, magic regeneration, sturdy frame 1
a: Renounce Religion, Berserk


You were on level 3 of the Dungeon.
You worshipped Trog.
Trog was aware of your devotion.
You visited 1 branch of the dungeon, and saw 3 of its levels.

You collected 63 gold pieces.

Inventory:

Hand Weapons
 a - a +0 hand axe (weapon)
Armour
 b - a +0 animal skin (worn)
Jewellery
 e - an amulet of guardian spirit
Scrolls
 c - a scroll of holy word {unknown}
 d - a scroll of teleportation {unknown}
Potions
 f - 2 potions of curing {unknown}
 g - a potion of resistance {unknown}
 h - a potion of flight {unknown}


   Skills:
 + Level 3.6 Fighting
 + Level 3.3 Axes
 + Level 2.5 Armour
 + Level 2.6 Dodging


You had 3 spell levels left.
You didn't know any spells.
Your spell library was empty.

Dungeon Overview and Level Annotations

Branches:
Dungeon (3/15)

Altars:

Shops:
D:2 [


Innate Abilities, Weirdness & Mutations

You have sharp toenails.
You regenerate magic rapidly.
Your movements are slightly less encumbered by armour. (ER -2)


Message History

The gnoll shouts!
You hit the ball python.
You kill the ball python!
Trog accepts your kill.
You hit the gnoll. Your kick misses the gnoll.
The gnoll is lightly wounded.
The gnoll barely misses you.
You hit the gnoll but do no damage.
The gnoll is lightly wounded.
You completely miss the orc. The orc closely misses you.
You barely miss the gnoll.
The gnoll is lightly wounded.
You hit the orc but do no damage. The gnoll barely misses you.
The orc misses you.
You hit the gnoll.
The gnoll is lightly wounded.
You closely miss the gnoll. You hit the orc. The gnoll closely misses you.
The gnoll barely misses you. The orc hits you with a +0 mace.
The gnoll hits you from afar with a +0 halberd!
You hit the orc.
The orc is heavily wounded.
You hit the gnoll. You hit the gnoll but do no damage.
The gnoll hits you with a +0 club! The gnoll barely misses you.
The orc hits you with a +0 mace.
* * * LOW HITPOINT WARNING * * *
The gnoll barely misses you. The gnoll hits you with a +0 club.
* * * LOW HITPOINT WARNING * * *
You are too injured to fight recklessly!
You are too injured to fight recklessly!
You are too injured to fight recklessly!
You are too injured to fight recklessly!
You are too injured to fight recklessly!
You are too injured to fight recklessly!
You are too injured to fight recklessly!
You are too injured to fight recklessly!
You are too injured to fight recklessly!
The orc closely misses you. The gnoll hits you with a +0 club.
* * * LOW HITPOINT WARNING * * *
The orc hits you with a +0 mace!
You die...

##.......#
..#.#.#.#
#.......#
#.#.#.#.#
#.......##
#.#.#.#..#
#.......$#
#<.o@....#
#g.g.....#
.....g.g....###
.##..#.....##
.....#.....#
.... #.....#
.... #.....#
..# #.....#
#######


You could see 3 gnolls, an orc and a goblin.

Vanquished Creatures
  5 gnolls
  2 adders (D:2)
  3 bats (D:1)
  An endoplasm (D:1)
  2 giant cockroaches
  3 hobgoblins (D:1)
  5 kobolds
  2 quokkas
  2 ball pythons
  3 frilled lizards
  5 goblins
  3 rats (D:1)
36 creatures vanquished.

Notes
Turn   | Place    | Note
-------+----------+-------------------------------------------
     0 | D:1      | Anon1729 the Demonspawn Berserker began the quest for the
                  | Orb.
     0 | D:1      | Reached XP level 1. HP: 18/18 MP: 1/1
     3 | D:1      | Noticed an electric eel
     4 | D:1      | Noticed an electric eel
    48 | D:1      | Gained mutation: Your movements are slightly less
                  | encumbered by armour. (ER -2) [demonic ancestry]
    48 | D:1      | Reached XP level 2. HP: 24/24 MP: 2/2
   590 | D:1      | Gained mutation: You regenerate magic rapidly. [demonic
                  | ancestry]
   590 | D:1      | Reached XP level 3. HP: 18/29 MP: 3/3
   788 | D:1      | Found a faded altar of an unknown god.
  1606 | D:2      | Gained mutation: You have sharp toenails. [demonic
                  | ancestry]
  1606 | D:2      | Reached XP level 4. HP: 35/35 MP: 4/4
  1614 | D:2      | Reached ** piety under Trog
  1795 | D:2      | Found Gaukk's Antique Armour Shop.
  2057 | D:3      | Mangled by an orc

Illustrated notes

Levels and vault maps discovered:
D:1:      arrival_aquarium_b, layout_rooms, hellmonk_ecumenical_altar_lost_god,
          kennysheep_boxes
D:2:      layout_basic, serial_shops, shop, minmay_tetromino_i4
D:3:      layout_basic, nicolae_uskayaw_suspiria, serial_glass, glass_columns_c,
          glass_columns_b, fountainhead, hex_tiny

Skill      XL: |  1  2 |
---------------+-------+-----
Armour         | 2 |  2.5
Dodging        | 2 |  2.6
Axes           | 3 |  3.3
Fighting       | |  3.6

Action                   |  1- 3 |  4- 6 || total
-------------------------+-------+-------++-------
Melee: Hand axe          |    73 |    15 ||    88
       Kick              |       |     2 ||     2
Invok: Berserk           |     4 |       ||     4
Armor: Animal skin       |    14 |     1 ||    15
Dodge: Dodged            |    63 |    19 ||    82

Table legend: (Time is in decaauts)
 A = Elapsed time spent in this place.
 B = Non-inter-level travel time spent in this place.
 C = Inter-level travel time spent in this place.
 D = Time resting spent in this place.
 E = Time spent auto-exploring this place.
 F = Levels seen in this place.
 G = Mean time per level.
                   A        B        C        D        E       F      G
               +--------+--------+--------+--------+--------+-----+--------+
         Total |   2107 |   2052 |     55 |    300 |   1549 |   3 |  702.3 |
       Dungeon |   2107 |   2052 |     55 |    300 |   1549 |   3 |  702.3 |
               +--------+--------+--------+--------+--------+-----+--------+

Top non-repeatable levels by time:
     D:2: 1083 daAuts
     D:1: 1015 daAuts
     D:3: 9 daAuts
